 Dungeon Crawl Stone Soup version 0.31-a0-1327-g8c40ea976f (webtiles) character file.

Game seed: 651835178970722628

91044 GordonOverkill the Stormcaller (level 15, -13/73 HPs)
             Began as a Spriggan Delver on Dec 21, 2023.
             Was a High Priest of Sif Muna.
             Mangled by a spriggan defender simulacrum (29 damage)
             ... in an ice cave.
             The game lasted 01:17:16 (53492 turns).

GordonOverkill the Stormcaller (Spriggan Delver)   Turns: 53492, Time: 01:17:17

Health: -13/73     AC:  9    Str: 10    XL:     15   Next: 53%
Magic:  14/34      EV: 24    Int: 23    God:    Sif Muna [*****.]
Gold:   1243       SH:  5    Dex: 18    Spells: 28/42 levels left

rFire   + . .        P - +8 short sword "Qommalubb" {pain, *Slow rN+++ Int+5}
rCold   . . .        (no shield)
rNeg    + + +        W - +2 robe {rF+}
rPois   .            S - +2 hat
rElec   .            b - +2 cloak
rCorr   .            (gloves unavailable)
SInv    +            (boots unavailable)
Will    +++..        w - amulet of reflection
Stlth   ++++         Q - ring of willpower
HPRegen 0.32/turn    Z - ring of Cestro {EV+5 Str+2}
MPRegen 0.24/turn

%: slow self (1%), reflection
@: very quick
A: very small, no large weapons, unfitting armour, see invisible, speed 3
a: Renounce Religion, Channel Magic, Forget Spell, Divine Exegesis


You were in an ice cave.
You worshipped Sif Muna.
Sif Muna was extremely pleased with you.
You visited 4 branches of the dungeon, and saw 22 of its levels.
You also visited: Bailey and Ice Cave.

You collected 2955 gold pieces.
You spent 1712 gold pieces at shops.

Inventory:

Hand Weapons
 P - the +8 short sword "Qommalubb" (weapon) {pain, *Slow rN+++ Int+5}
   (You found it on level 10 of the Dungeon)

   Int+5:     It affects your intelligence (+5).
   rN+++:     It renders you almost immune to negative energy.
   *Slow:     It may slow you when you take damage.
Missiles
 m - 79 poisoned darts (quivered)
 L - 2 throwing nets
 U - 3 curare-tipped darts
Armour
 b - a +2 cloak (worn)
 S - a +2 hat (worn)
 W - a +2 robe of fire resistance (worn)
Jewellery
 g - a ring of fire
 i - a ring of flight
 v - an amulet of the acrobat
 w - an amulet of reflection (around neck)
 J - the ring of Duklytra {rN++ Will+ rCorr Dex-4 SInv}
   (You found it on level 4 of the Lair of Beasts)

   [ring of see invisible]

   Dex-4:     It affects your dexterity (-4).
   rN++:      It greatly protects you from negative energy.
   Will+:     It increases your willpower.
   SInv:      It lets you see invisible.
   rCorr:     It protects you from acid and corrosion.
 Q - a ring of willpower (left hand)
 Z - the ring of Cestro (right hand) {EV+5 Str+2}
   (You found it on level 12 of the Dungeon)

   [ring of evasion]

   EV+5:      It affects your evasion (+5).
   Str+2:     It affects your strength (+2).
Wands
 h - a wand of paralysis (22)
 n - a wand of flame (31)
 G - a wand of acid (5)
 M - a wand of polymorph (13)
 V - a wand of roots (7)
 X - a wand of mindburst (20)
Scrolls
 a - a scroll of silence
 c - 2 scrolls of fog
 d - 4 scrolls of enchant weapon
 e - 3 scrolls of identify
 j - 2 scrolls of immolation
 o - 8 scrolls of teleportation
 x - 2 scrolls of brand weapon
 y - 4 scrolls of revelation
 A - 4 scrolls of fear
 F - 3 scrolls of blinking
 H - 4 scrolls of butterflies
 I - a scroll of enchant armour
 T - 2 scrolls of amnesia
Potions
 f - 4 potions of haste
 k - 7 potions of mutation
 l - 6 potions of heal wounds
 q - 3 potions of resistance
 r - 4 potions of enlightenment
 s - 4 potions of might
 t - a potion of berserk rage
 z - 4 potions of brilliance
 B - 9 potions of curing
 D - 2 potions of ambrosia
 E - 4 potions of lignification
 K - 2 potions of magic
 R - 2 potions of cancellation
Miscellaneous
 C - a lightning rod (4/4)


   Skills:
 - Level 6.0 Fighting
 - Level 2.1 Short Blades
 - Level 1.3 Ranged Weapons
 - Level 5.0 Dodging
 - Level 7.2 Stealth
 - Level 14.0 Spellcasting
 - Level 3.0 Conjurations
 - Level 6.0 Summonings
 - Level 10.0 Fire Magic
 + Level 15.7 Air Magic
 - Level 1.4 Alchemy
 - Level 10.0 Invocations
 - Level 5.0 Evocations


You had 28 spell levels left.
You knew the following spells:

 Your Spells              Type           Power      Damage    Failure   Level
a - Airstrike             Air            36%        2d(6-22)  1%          4
b - Summon Lightning Spi  Summ/Air       60%        N/A       1%          4
c - Plasma Beam           Fire/Air       33%        2x1d46    3%          6

Your spell library contained the following spells:

 Spells                   Type           Power      Damage    Failure   Level
 Magic Dart               Conj           100%       1d8       1%          1
 Cigotuvi's Dreadful Rot  Necr/Alch/Air  84%        N/A       1%          2
 Mercury Vapours          Alch/Air       100%       N/A       1%          2
 Scorch                   Fire           100%       2d9       1%          2
 Searing Ray              Conj           58%        2d6       1%          2
 Static Discharge         Conj/Air       100%       3-8/arc   1%          2
 Inner Flame              Hex/Fire       39%        N/A       1%          3
 Mephitic Cloud           Conj/Alch/Air  47%        N/A       1%          3
 Swiftness                Air            73%        N/A       1%          3
 Volatile Blastmotes      Fire/Tloc      78%        2d16      1%          3
 Vhi's Electric Charge    Tloc/Air       100%       N/A       1%          4
 Flame Wave               Conj/Fire      46%        2d12      2%          4
 Arcjolt                  Conj/Air       28%        1d38      2%          5
 Freeze                   Ice            64%        1d7       3%          1
 Summon Guardian Golem    Hex/Summ       29%        N/A       3%          3
 Ignite Poison            Fire/Alch      42%        N/A       3%          4
 Passwall                 Alch/Erth      15%        N/A       4%          2
 Silence                  Hex/Air        25%        N/A       4%          5
 Ensorcelled Hibernation  Hex/Ice        32%        N/A       5%          2
 Jinxbite                 Hex            32%        N/A       5%          2
 Hailstorm                Conj/Ice       23%        3d7       6%          3
 Stone Arrow              Conj/Erth      46%        3d9       6%          3
 Freezing Cloud           Conj/Ice/Air   22%        6-21      8%          5
 Frozen Ramparts          Ice            32%        1d5       11%         3
 Fugue of the Fallen      Necr           16%        N/A       11%         3
 Ozocubu's Armour         Ice            16%        N/A       11%         3
 Teleport Other           Tloc           16%        N/A       11%         3
 Animate Armour           Summ/Erth      58%        N/A       11%         4
 Conjure Ball Lightning   Conj/Air       28%        3x3d8     12%         6
 Fulminant Prism          Conj/Alch      13%        3d8       16%         4
 Iskenderun's Mystic Bla  Conj/Tloc      23%        2d6       21%         4
 Iskenderun's Battlesphe  Conj           29%        2d8       30%         5
 Summon Forest            Summ/Tloc      14%        N/A       30%         5
 Summon Mana Viper        Hex/Summ       29%        N/A       30%         5
 Dispel Undead            Necr           16%        3d10      36%         4
 Manifold Assault         Tloc           16%        N/A       36%         4
 Summon Cactus Giant      Summ           21%        N/A       43%         6
 Yara's Violent Unravell  Hex/Alch       9%         3d6       61%         5
 Summon Hydra             Summ           21%        N/A       95%         7
 Death Channel            Necr           8%         N/A       99%         6
 Lehudib's Crystal Spear  Conj/Erth      11%        10d4      100%        8
 Chain Lightning          Conj/Air       28%        3d37      100%        9
 Dragon's Call            Summ           21%        N/A       100%        9
 Fire Storm               Conj/Fire      23%        8d6       100%        9
 Shatter                  Erth           8%         3d10*     100%        9


Dungeon Overview and Level Annotations

Branches:
Dungeon (14/15)            Temple (1/1) D:4            Lair (5/5) D:11
  Swamp (0/4) Lair:3       Spider (0/4) Lair:3        Slime (0/5) Lair:4
    Orc (2/2) D:9             Elf (0/3) Orc:2        Bailey (visited)
  IceCv (1/1)
 Vaults: D:13-14

Altars:
Ashenzari
Cheibriados
Dithmenos
Elyvilon
Fedhas
Gozag
Hepliaklqana
Kikubaaqudgha
Makhleb
Nemelex Xobeh
Okawaru
Qazlal
Ru
Sif Muna
Trog
Uskayaw
Vehumet
Wu Jian
Xom
Yredelemnul
Zin
The Shining One
Jiyva

Shops:
D:4 !   D:13 (   Orc:1 [**   Orc:2 ??*!

Portals:
Trove: D:10 (give 16 potions of curing)

Annotations:
D:7 2 transporters, Thargor's ghost, novice TrEE


Innate Abilities, Weirdness & Mutations

You are very small and have problems with some larger weapons.
You are too small for most types of armour.
You have supernaturally acute eyesight. (SInv)
You cover ground extremely quickly. (Speed+++)


Message History

Casting: Summon Lightning Spire (safe; 1% risk of failure)
Confirm with . or Enter, or press ? or * to list all spells.
Aiming: Airstrike (safe; 1% risk of failure)
Press: ? - help, Dir - move target, f - spriggan defender simulacrum
Aim: a spriggan defender simulacrum (empty space bonus: 6/8)
The air twists around and strikes the spriggan defender simulacrum!!
The spriggan defender simulacrum is heavily damaged.
Your lightning spire shoots out a bolt of lightning at the spriggan defender simulacrum!
The bolt of electricity misses the spriggan defender simulacrum.
The bolt of electricity hits the spriggan defender simulacrum.
Casting: Airstrike (safe; 1% risk of failure)
Confirm with . or Enter, or press ? or * to list all spells.
Casting: Plasma Beam (dangerous; 3% risk of failure)
Press: ? - help, Dir - look around, f - activate The bolt of lightning misses the spriggan defender simulacrum. x2
The bolt of lightning hits the ice devil!
The ice devil is lightly wounded.
The fiery plasma hits the spriggan defender simulacrum!!
The spriggan defender simulacrum melts!
The spriggan defender simulacrum is severely damaged.
The fiery plasma hits the spriggan defender simulacrum!!!
The spriggan defender simulacrum melts!
The spriggan defender simulacrum vaporises!
Sif Muna accepts your kill.
You hear a sizzling sound!
The spriggan defender simulacrum hits you!
The spriggan defender simulacrum freezes you!!
* * * LOW HITPOINT WARNING * * *
Casting: Plasma Beam (dangerous; 3% risk of failure)
Confirm with . or Enter, or press ? or * to list all spells.
Casting: Plasma Beam (dangerous; 3% risk of failure)
Press: ? - help, Dir - look around, f - activate The bolt of lightning hits the ice devil!
The ice devil is heavily wounded.
The fiery plasma hits the ice devil!
The ice devil is burned terribly!
The ice devil is severely wounded.
The spriggan defender simulacrum hits you!
* * * LOW HITPOINT WARNING * * *
The spriggan defender simulacrum freezes you!!
You die...

# ####.###.
###........
##..∩.....#
#8Z...4#Z##
#@.#####
####


You could see an ice devil, a spriggan defender simulacrum (ally target) and a
friendly lightning spire (summoned).

Vanquished Creatures
  A merfolk avatar (Lair:5)
  3 hydras
  2 ogre magi
  A two-headed ogre (D:10)
  4 centaur warriors
  3 boulder beetles
  2 orc high priests (Orc:2)
  7 death yaks
  Urug (Lair:2)
  7 skeletal warriors
  A sea snake (shapeshifter) (D:10)
  2 sea snakes (Lair:5)
  Pikel (D:7)
  A bog body (Lair:3)
  A spriggan simulacrum (IceCv)
  3 harpies (Lair:5)
  A deep elf zephyrmancer (D:14)
  2 orc knights
  A deep elf pyromancer (D:10)
  3 cyclopes
  9 orc sorcerers
  2 manticores
  4 oklob plants
  6 ugly things
  A kobold blastminer (Orc:2)
  6 black mambas
  7 elephants
  A torpor snail (Lair:3)
  5 gargoyles
  Jeremiah (D:6)
  9 cane toads
  An unseen horror (D:10)
  9 kobold demonologists
  Maggie (D:6)
  3 rime drakes
  8 komodo dragons
  An unseen horror (shapeshifter) (D:13)
  An efreet (D:10)
  Psyche (D:12)
  A tengu conjurer (D:13)
  5 trolls
  3 meliai (D:14)
  4 polar bears
  4 hornets
  Grinder (D:6)
  11 blink frogs
  Sigmund (D:5)
  2 shadows
  2 vampires (D:10)
  A slime creature (D:14)
  6 wyverns
  3 wraiths
  Eustachio (D:6)
  3 basilisks
  19 yaks
  10 vampire mosquitoes
  Menkaure (D:5)
  A warg (D:9)
  A steam dragon (D:6)
  A swamp worm (Lair:3)
  3 redbacks (Lair:3)
  2 acid dragons
  15 water moccasins
  2 ice beasts
  5 black bears (Lair:3)
  25 orc warriors
  12 wolves
  9 centaurs
  6 ogres
  8 kobold brigands
  Blork the orc (D:6)
  7 bullfrogs
  3 gnoll sergeants
  6 scorpions
  2 killer bees (D:7)
  2 electric eels (Lair:3)
  10 howler monkeys
  3 hounds (D:5)
  30 orc priests
  A sleepcap (D:4)
  Natasha (thrice) (D:3)
  4 iguanas
  46 orc wizards
  14 gnolls
  6 adders
  A shadow imp (D:7)
  2 white imps (D:6)
  4 ufetubi
  A worm (D:5)
  74 orcs
  3 endoplasms
  4 giant cockroaches
  7 goblins
  9 hobgoblins
  4 jackals (D:4)
  30 kobolds
  3 quokkas
  7 ball pythons
  6 bats
  5 frilled lizards
  7 rats
596 creatures vanquished.

Vanquished Creatures (collateral kills)
  An orc warlord (Bailey)
  Harold (D:9)
  2 ogre magi (Orc:1)
  A hydra (D:10)
  A two-headed ogre (D:10)
  A centaur warrior (D:10)
  3 death yaks
  Lodul (D:12)
  2 skeletal warriors
  A sea snake (Lair:5)
  An orc knight (D:10)
  2 ugly things (D:10)
  A manticore (D:11)
  4 elephants
  A kobold demonologist (D:11)
  A yaktaur (D:10)
  2 rime drakes
  3 hornets (Orc:1)
  A polar bear (Lair:4)
  3 blink frogs
  A vampire (D:10)
  A wyvern (Lair:5)
  A shadow (D:13)
  A wraith (D:10)
  6 yaks
  A golden eye (shapeshifter) (D:13)
  2 vampire mosquitoes
  3 water moccasins
  4 orc warriors
  2 black bears (Lair:3)
  4 wolves
  3 ogres (D:12)
  2 centaurs
  2 kobold brigands
  3 bullfrogs
  2 killer bees (D:7)
  An orc priest (D:7)
  3 orc wizards
  A gnoll (Bailey)
  10 orcs
  3 hobgoblins (Bailey)
  6 kobolds
95 creatures vanquished.

Vanquished Creatures (others)
  A shadow (D:10)
  A yak (D:10)
  An orc (D:10)
3 creatures vanquished.

Grand Total: 694 creatures vanquished

Notes
Turn   | Place    | Note
-------+----------+-------------------------------------------
     0 | D:5      | GordonOverkill the Spriggan Delver began the quest for the
                  | Orb.
     0 | D:5      | Reached XP level 1. HP: 11/11 MP: 2/2
    28 | D:6      | Noticed Maggie
    39 | D:6      | Noticed Blork the orc
    40 | D:6      | Noticed a scorpion
    82 | D:5      | Noticed an iguana
   126 | D:5      | Noticed a hound
   156 | D:5      | Noticed a scorpion
   213 | D:4      | Found a staircase to the Ecumenical Temple.
   225 | Temple   | Entered the Ecumenical Temple
   241 | Temple   | Became a worshipper of Sif Muna the Loreminder
   288 | D:4      | Found a shimmering altar of Xom.
   465 | D:3      | Reached skill level 1 in Ranged Weapons
   526 | D:3      | Reached XP level 2. HP: 8/16 MP: 3/3
   635 | D:3      | Reached skill level 1 in Spellcasting
   673 | D:3      | Reached XP level 3. HP: 20/20 MP: 4/6
   908 | D:3      | Reached XP level 4. HP: 20/24 MP: 9/9
   985 | D:3      | Noticed a scorpion
  1043 | D:3      | Killed a scorpion
  1044 | D:3      | Reached XP level 5. HP: 28/28 MP: 10/10
  1187 | D:3      | Noticed Natasha
  1194 | D:3      | Killed Natasha
  1275 | D:3      | Reached * piety under Sif Muna
  1470 | D:3      | Noticed Natasha
  1480 | D:3      | Killed Natasha
  1762 | D:3      | Noticed Natasha
  1775 | D:3      | Killed Natasha
  2199 | D:2      | Found a faded altar of an unknown god.
  2585 | D:2      | Reached skill level 1 in Alchemy
  2886 | D:1      | Reached ** piety under Sif Muna
  3674 | D:4      | Found a blossoming altar of Fedhas.
  4069 | D:4      | Reached skill level 1 in Air Magic
  4069 | D:4      | Reached XP level 6. HP: 23/32 MP: 11/11
  4188 | D:4      | Found Syuk's Distillery.
  4229 | D:4      | Reached skill level 2 in Air Magic
  4305 | D:4      | Bought a potion of brilliance for 56 gold pieces
  4305 | D:4      | Bought a potion of degeneration for 14 gold pieces
  4305 | D:4      | Bought a potion of curing for 42 gold pieces
  4602 | D:5      | Found a broken altar of Ashenzari.
  4602 | D:5      | Found a hazy altar of Hepliaklqana.
  4610 | D:5      | Found an opulent altar of Gozag.
  4612 | D:5      | Found a faded altar of an unknown god.
  4614 | D:5      | Found a faded altar of an unknown god.
  4730 | D:5      | Noticed Sigmund
  4739 | D:5      | Killed Sigmund
  4740 | D:5      | Reached skill level 3 in Air Magic
  4740 | D:5      | Reached skill level 4 in Air Magic
  4740 | D:5      | Reached XP level 7. HP: 36/36 MP: 12/12
  4770 | D:5      | Noticed Menkaure
  4777 | D:5      | Killed Menkaure
  4817 | D:5      | Reached skill level 5 in Air Magic
  4937 | D:4      | Learned a level 4 spell: Airstrike
  5113 | D:5      | Reached skill level 6 in Air Magic
  5239 | D:5      | Reached XP level 8. HP: 32/40 MP: 10/15
  5369 | D:5      | Found a sacrificial altar of Ru.
  5589 | D:5      | Reached *** piety under Sif Muna
  5590 | D:5      | Reached skill level 5 in Spellcasting
  5954 | D:6      | Noticed Grinder
  6039 | D:6      | Killed Grinder
  6148 | D:6      | Killed Blork the orc
  6149 | D:6      | Reached skill level 7 in Air Magic
  6413 | D:6      | Noticed Eustachio
  6753 | D:6      | Noticed Jeremiah
  6757 | D:6      | Killed Jeremiah
  6758 | D:6      | Reached skill level 8 in Air Magic
  6861 | D:6      | Reached XP level 9. HP: 44/44 MP: 2/19
  7240 | D:6      | Killed Maggie
  7674 | D:6      | Killed Eustachio
  7675 | D:6      | Reached skill level 1 in Summonings
  8664 | D:7      | Found a transporter.
  8664 | D:7      | Found a transporter.
  8679 | D:7      | Identified the ring "Edo Sep" {rPois Int+3}
  8757 | D:7      | Noticed Pikel
  8780 | D:7      | Killed Pikel
  8781 | D:7      | Reached skill level 5 in Summonings
  9297 | D:7      | Found a radiant altar of Vehumet.
  9499 | D:8      | Learned a level 4 spell: Summon Lightning Spire
  9853 | D:7      | Reached **** piety under Sif Muna
  9881 | D:7      | Reached skill level 9 in Air Magic
  9881 | D:7      | Reached XP level 10. HP: 49/49 MP: 3/23
 10006 | D:7      | Identified the +2 spear "Cicuges" {venom, rN+}
 10421 | D:7      | Noticed Thargor's ghost (novice TrEE)
 11630 | D:9      | Noticed Harold
 11641 | D:9      | Killed Harold
 11642 | D:9      | Reached skill level 10 in Air Magic
 12112 | D:9      | Found a staircase to the Orcish Mines.
 12122 | D:9      | Identified the +5 long sword "Oqey" {venom, rPois}
 12347 | D:9      | Reached skill level 10 in Spellcasting
 13162 | D:10     | Entered Level 10 of the Dungeon
 13492 | D:10     | Identified the +8 short sword "Qommalubb" {pain, *Slow
                  | rN+++ Int+5}
 13553 | D:10     | Noticed a gargoyle
 13555 | D:10     | Killed a gargoyle
 13565 | D:10     | Found a flagged portal.
 13574 | Bailey   | Entered a bailey
 13579 | Bailey   | Noticed an orc warlord
 13934 | Bailey   | Reached skill level 5 in Fighting
 14169 | Bailey   | Found a runed translucent gate.
 14171 | Bailey   | Found a runed translucent gate.
 14172 | Bailey   | Found a runed translucent gate.
 14438 | Bailey   | Killed an orc warlord
 14439 | Bailey   | Reached XP level 11. HP: 55/55 MP: 2/26
 14593 | Bailey   | Identified the +1 helmet "Ucon" {rElec Int+3}
 14595 | Bailey   | Acquired a +2 hat
 14602 | Bailey   | Acquired 816 gold pieces
 14944 | D:9      | Noticed a soul eater
 15455 | D:10     | Noticed a centaur warrior
 15456 | D:10     | Reached skill level 5 in Dodging
 15940 | D:10     | Killed a centaur warrior
 16184 | D:10     | Found a portal to a secret trove of treasure.
 16319 | D:10     | Noticed a boulder beetle
 16943 | D:10     | Noticed a two-headed ogre
 16954 | D:10     | Killed a two-headed ogre
 17198 | D:10     | Noticed a deep elf pyromancer
 17201 | D:10     | Killed a deep elf pyromancer
 17295 | D:10     | Reached skill level 1 in Invocations
 17402 | D:10     | Reached ***** piety under Sif Muna
 17700 | D:10     | Killed a boulder beetle
 17933 | D:10     | Noticed an ogre mage
 17934 | D:10     | Noticed a two-headed ogre
 17947 | D:10     | Killed a two-headed ogre
 17948 | D:10     | Reached skill level 5 in Invocations
 17982 | D:10     | Killed an ogre mage
 18320 | D:10     | Reached skill level 5 in Evocations
 18909 | D:10     | Noticed a six-headed hydra
 18926 | D:10     | Killed a six-headed hydra
 18927 | D:10     | Reached XP level 12. HP: 60/60 MP: 2/29
 19754 | D:10     | Reached skill level 11 in Air Magic
 20178 | D:10     | Noticed a centaur warrior
 20687 | D:10     | Killed a centaur warrior
 20783 | D:10     | Noticed a boulder beetle
 20788 | D:10     | Killed a boulder beetle
 21067 | D:10     | Reached skill level 12 in Air Magic
 22663 | D:10     | Found a portal to a secret trove of treasure.
 23688 | D:11     | Found a staircase to the Lair.
 23695 | D:11     | Received a gift from Sif Muna
 23698 | D:11     | Got Sif Muna's Papyrus of Vile Sidekicks {god gift}
 24106 | D:11     | Identified the +5 orcbow "Nymmosk" {heavy, ^Fragile rF+
                  | Int+2}
 25173 | D:11     | Identified the +0 sling of Hell's Wrath {freeze, Str+3}
 25919 | D:12     | Reached XP level 13. HP: 63/63 MP: 32/32
 26004 | D:11     | Reached skill level 13 in Air Magic
 26927 | D:12     | Noticed Psyche
 26930 | D:12     | Killed Psyche
 27152 | D:12     | Noticed Lodul
 27630 | D:12     | Killed Lodul
 27821 | D:12     | Identified the ring of Cestro {EV+5 Str+2}
 28261 | D:12     | Reached skill level 14 in Air Magic
 29223 | Orc:1    | Entered Level 1 of the Orcish Mines
 29964 | Orc:1    | Found Goyxor's Antique Armour Boutique.
 30002 | Orc:1    | Received a gift from Sif Muna
 30106 | Orc:1    | Got Juwk's Encyclopedia of the Unlucky Bonfire {god gift}
 30600 | Orc:2    | Entered Level 2 of the Orcish Mines
 30600 | Orc:2    | Found a staircase to the Elven Halls.
 33115 | Orc:2    | Reached skill level 10 in Invocations
 33400 | Orc:2    | Received a gift from Sif Muna
 33403 | Orc:2    | Got Wafuozaq's Anthology of Captivating Trauma {god gift}
 33739 | Orc:2    | Learned a level 6 spell: Plasma Beam
 34098 | Orc:2    | Found Ozedamo's Distillery.
 34098 | Orc:2    | Found Usoesej's Magic Scroll Shop.
 34103 | Orc:2    | Found Oroptin's Magic Scroll Shop.
 34105 | Orc:2    | Found Sytam's Assorted Antiques.
 34109 | Orc:2    | Bought a dark potion for 20 gold pieces
 34109 | Orc:2    | Bought a dark potion for 20 gold pieces
 34109 | Orc:2    | Bought 2 scrolls labelled KOUDUS HIOGE for 46 gold pieces
 34109 | Orc:2    | Bought a scroll labelled TIMY VYPRAI for 23 gold pieces
 34109 | Orc:2    | Bought a scroll of teleportation for 69 gold pieces
 34119 | Orc:2    | Bought a scroll of blinking for 120 gold pieces
 34119 | Orc:2    | Bought a scroll of teleportation for 48 gold pieces
 34120 | Orc:2    | Bought a scroll of enchant armour for 127 gold pieces
 34120 | Orc:2    | Bought a scroll of butterflies for 68 gold pieces
 34120 | Orc:2    | Bought a scroll of teleportation for 51 gold pieces
 34121 | Orc:2    | Bought a potion of mutation for 136 gold pieces
 34121 | Orc:2    | Bought a potion of curing for 51 gold pieces
 34121 | Orc:2    | Bought a potion of curing for 51 gold pieces
 34121 | Orc:2    | Bought a potion of enlightenment for 85 gold pieces
 34121 | Orc:2    | Bought a potion of resistance for 170 gold pieces
 34121 | Orc:2    | Bought 2 potions of haste for 340 gold pieces
 34395 | Orc:2    | Bought an embroidered robe for 85 gold pieces
 34441 | Orc:1    | Reached skill level 1 in Fire Magic
 34797 | Orc:1    | Found Guagheoq's General Store.
 34799 | Orc:1    | Found Beoso's Specific Store.
 34807 | Orc:1    | Bought a scroll of teleportation for 45 gold pieces
 34807 | Orc:1    | Bought a scroll of teleportation for 45 gold pieces
 35078 | Lair:1   | Entered Level 1 of the Lair of Beasts
 35134 | Lair:1   | Found an ornate altar of the Wu Jian Council.
 35657 | Lair:1   | Reached XP level 14. HP: 68/68 MP: 17/33
 38089 | Lair:2   | Noticed Urug
 39085 | Lair:2   | Killed Urug
 39421 | Lair:2   | Received a gift from Sif Muna
 39463 | Lair:2   | Reached skill level 5 in Fire Magic
 42618 | Lair:3   | Found a hole to the Spider Nest.
 44635 | Lair:3   | Found a staircase to the Swamp.
 44963 | Lair:3   | Received a gift from Sif Muna
 44966 | Lair:3   | Got Xuumud's Codex of Transmuted Distance {god gift}
 46556 | Lair:4   | Identified the ring of Duklytra {rN++ Will+ rCorr Dex-4
                  | SInv}
 48132 | Lair:4   | Found a viscous altar of Jiyva.
 48132 | Lair:4   | Found a staircase to the Slime Pits.
 48483 | Lair:4   | Reached skill level 15 in Air Magic
 48716 | Lair:5   | Entered Level 5 of the Lair of Beasts
 48914 | Lair:5   | Reached XP level 15. HP: 73/73 MP: 21/34
 50745 | Lair:5   | Identified the +8 trident of Havoc {speed, rC+}
 51571 | D:13     | Identified the +8 trident "Yrhopoer" {elec, rN+ Str+3}
 51619 | D:12     | Reached skill level 10 in Fire Magic
 51937 | D:13     | Received a gift from Sif Muna
 52518 | D:13     | Identified the +4 dagger of the Nine Heavens {pain, Str+5}
 52962 | D:13     | Found Jinil's Weapon Boutique.
 53336 | D:14     | Found a frozen archway.
 53485 | IceCv    | Entered an ice cave
 53492 | IceCv    | Mangled by a spriggan defender simulacrum

Illustrated notes

Levels and vault maps discovered:
D:1:      minmay_arrival_doors, layout_loops_ring, serial_bayou,
          serial_bayou_pond_e, serial_bayou_lake_a, serial_bayou_shore_a,
          serial_bayou_lagoon_b, minmay_door_square, amethyst_killhole
D:2:      layout_basic, ebering_ecumenical_altar_abandoned,
          lightli_corner_chamber
D:3:      layout_basic, uniq_natasha
D:4:      layout_loops_corners, mainiacjoe_overflow_six_doors_small,
          mainiacjoe_overflow_catwalk, minmay_temple_entry_sparse_star,
          kennysheep_small_square
D:5:      layout_cave_pools, nicolae_ru_awakened_eye,
          chequers_temple_overflow_minitemple, serial_co_window_serial,
          co_window_paths_a, co_window_corner_a, co_window_corner_a,
          co_window_paths_b, co_window_paths_b, co_window_paths_a,
          co_window_paths_b, co_window_cross_3, co_window_of_opportunity_b,
          co_window_corner_b, glass_columns_b, glass_columns_a, glass_columns_b,
          glass_columns_a, glass_columns_a, uniq_sigmund, uniq_menkaure
D:6:      layout_gridville, uniq_eustachio, uniq_jeremiah, uniq_maggie,
          uniq_blork_the_orc, uniq_grinder
D:7:      layout_rooms, lemuel_crystal_altar, gammafunk_ghost_gnarly_gnolls,
          uniq_pikel
D:8:      layout_loops_corners
D:9:      layout_long_grid, david_orc_3, patterned_corridor, uniq_harold
D:10:     nzn_winding_woodlands_large [nzn_winding_woodlands_5x5_closed_star,
          nzn_winding_woodlands_5x15_sidewinder,
          nzn_winding_woodlands_5x5_three,
          nzn_winding_woodlands_center_pierced_h,
          nzn_winding_woodlands_15x15_killbox,
          nzn_winding_woodlands_center_garden,
          nzn_winding_woodlands_5x5_open_star, nzn_winding_woodlands_5x15_pool,
          nzn_winding_woodlands_5x5_checkerboard], layout_loops_ring,
          enter_bailey_8, enter_trove_1, mumra_transporter_accident
D:11:     layout_basic, erik_lair_orcish_takeover
D:12:     layout_cave_pools, grunt_ministairs_7, uniq_lodul, uniq_psyche
D:13:     layout_basic, serial_shops, nicolae_shop_trees
D:14:     nicolae_whirlpool, layout_basic, david_vaults_1,
          portal_ice_cave_entry_pillars_2, okawaru_trees_1, uniq_nessos
Temple:   nicolae_temple_superstar
Lair:1:   layout_cave_pods, lemuel_oklob_altar, serial_bayou_shore_b
Lair:2:   layout_gridlike, infiniplex_staircase_pool_2, lemuel_fruit_fields,
          serial_bayou_shore_b, grunt_megastairs_1, uniq_urug
Lair:3:   layout_cave_pods, nicolae_swamp_entry_splash_gauntlet,
          spider_nest_entry_webs, beast_lair_carwin_1
Lair:4:   layout_concentric_octagons, minmay_slime_entry_oklob_enclosed
Lair:5:   gammafunk_lair_ancient_temple, layout_cave_pods
Orc:1:    hellmonk_paralyzer, layout_caves, serial_shops, nicolae_shop_crystal,
          nicolae_specific_store
Orc:2:    st_orc_mages, layout_diamond_mine, basic_altar
IceCv:    ice_cave_caverns_02

Skill      XL: |  1  2  3  4  5  6  7  8  9 10 11 12 13 14 15 |
---------------+----------------------------------------------+-----
Ranged Weapons | 1 |  1.3
Fighting       | 3 5 6 |  6.0
Spellcasting   | 1 3 4 6 8 10 12 14 | 14.0
Conjurations   | 2 3 |  3.0
Alchemy        | 1 |  1.4
Air Magic      | 1 4 6 8 9 10 12 14 15 | 15.7
Summonings     | 5 6 |  6.0
Dodging        | 5 |  5.0
Invocations    | 5 10 | 10.0
Evocations     | 5 |  5.0
Fire Magic     | 2 8 10 | 10.0
Short Blades   | |  2.1
Stealth        | |  7.2

Action                     |  1- 3 |  4- 6 |  7- 9 | 10-12 | 13-15 || total
---------------------------+-------+-------+-------+-------+-------++-------
  Melee: Dagger            |     9 |   178 |    68 |    28 |       ||   283
         Punch             |       |     2 |     1 |     1 |       ||     4
         Short sword       |       |       |       |    51 |    51 ||   102
   Fire: Sling             |    68 |    28 |       |       |       ||    96
  Throw: Dart              |       |    15 |    32 |    36 |    11 ||    94
   Cast: Airstrike         |       |       |   104 |   355 |   653 ||  1112
         Summon Lightning  |       |       |     5 |    62 |    98 ||   165
         Plasma Beam       |       |       |       |       |    88 ||    88
  Evoke: Wand              |       |     1 |     2 |    14 |       ||    17
    Use: Scroll            |     1 |     3 |     6 |     2 |    21 ||    33
         Potion            |       |       |       |       |     1 ||     1
   Stab: Sleeping          |       |    14 |     3 |     6 |       ||    23
         Distracted        |       |     1 |       |     5 |     5 ||    11
         Paralysed         |       |       |     1 |     7 |       ||     8
 Armour: Robe              |     9 |    51 |    26 |    69 |    83 ||   238
  Dodge: Dodged            |    20 |   129 |    59 |   112 |   144 ||   464
  Block: Other             |       |    11 |    20 |    25 |    37 ||    93
         Reflection        |       |       |     1 |     6 |     9 ||    16

Table legend: (Time is in decaauts)
 A = Elapsed time spent in this place.
 B = Non-inter-level travel time spent in this place.
 C = Inter-level travel time spent in this place.
 D = Time resting spent in this place.
 E = Time spent auto-exploring this place.
 F = Levels seen in this place.
 G = Mean time per level.
                   A        B        C        D        E       F      G
               +--------+--------+--------+--------+--------+-----+--------+
         Total |  46496 |  45081 |   1415 |  31994 |   8382 |  24 | 1937.3 |
       Dungeon |  26269 |  25340 |    929 |  17154 |   5188 |  14 | 1876.4 |
        Temple |     20 |      2 |     18 |      0 |      0 |   1 |   20.0 |
          Lair |  14132 |  13812 |    320 |  10365 |   2430 |   5 | 2826.4 |
  Orcish Mines |   5125 |   4978 |    147 |   3871 |    534 |   2 | 2562.5 |
        Bailey |    942 |    942 |      0 |    603 |    229 |   1 |  942.0 |
      Ice Cave |      5 |      5 |      0 |      0 |      0 |   1 |    5.0 |
               +--------+--------+--------+--------+--------+-----+--------+

Top non-repeatable levels by time:
    D:10: 6741 daAuts
  Lair:3: 4180 daAuts
   Orc:1: 3153 daAuts
  Lair:1: 3145 daAuts
    D:11: 2938 daAuts
     D:9: 2700 daAuts
    D:12: 2698 daAuts
  Lair:2: 2686 daAuts
     D:5: 2209 daAuts
  Lair:4: 2205 daAuts
   Orc:2: 1972 daAuts
  Lair:5: 1913 daAuts
     D:7: 1569 daAuts
    D:13: 1513 daAuts
     D:8: 1278 daAuts
